 Dungeon Crawl Stone Soup version 0.32-a0-612-g1c984fe9d1 (webtiles) character file.

Game seed: 352811365194536168

180 adelrune the Slasher (level 5, -6/41 HPs)
             Began as a Coglin Warper on Mar 4, 2024.
             Engulfed by a cloud of flame (22 damage)
             ... on level 3 of the Dungeon.
             The game lasted 00:06:10 (2574 turns).

adelrune the Slasher (Coglin Warper)                Turns: 2574, Time: 00:06:11

Health: -6/41      AC:  7    Str: 14    XL:     5   Next: 60%
Magic:  7/7        EV: 13    Int: 15    God:
Gold:   142        SH:  0    Dex: 19    Spells: 7/7 levels left

rFire   . . .        u - +5 hand axe of Giykov {freeze, rC+ Str+3 Int+2 Dex+4}
rCold   + + .        h - +0 dagger (speed) {Vicente}
rNeg    . . .        r - +3 leather armour {rC+}
rPois   .            t - +0 helmet
rElec   .            k - scarf {repulsion}
rCorr   .            (no gloves)
SInv    .            (no boots)
Will    .....        (amulet unavailable)
Stlth   +            (ring unavailable)
HPRegen 0.26/turn    (ring unavailable)
MPRegen 0.10/turn    (no gizmo)

%: repel missiles
@: no status effects
A: off-hand wielding, slow wielding, warmup strikes, no jewellery
a: Invent Gizmo


You were on level 3 of the Dungeon.
You visited 1 branch of the dungeon, and saw 3 of its levels.

You collected 142 gold pieces.

Inventory:

Hand Weapons
 a - a +0 falchion {Gerda}
 b - a +0 long sword
 e - a +0 dagger {Ntombi}
 h - a +0 dagger of speed (offhand) {Vicente}
 p - a +0 long sword {Hachiro}
 u - the +5 hand axe of Giykov (weapon) {freeze, rC+ Str+3 Int+2 Dex+4}
   (You found it on level 3 of the Dungeon)

   Str+3:     It affects your strength (+3).
   Int+2:     It affects your intelligence (+2).
   Dex+4:     It affects your dexterity (+4).
   rC+:       It protects you from cold.
Missiles
 d - 7 darts of dispersal (quivered)
 v - 5 poisoned darts
Armour
 j - a +0 leather armour of willpower
 k - a scarf of repulsion (worn)
 r - a +3 leather armour of cold resistance (worn)
 t - a +0 helmet (worn)
Scrolls
 c - 3 scrolls of blinking
 m - 3 scrolls of identify {unknown}
 n - a scroll of poison {unknown}
 o - a scroll of fog {unknown}
 q - a scroll of summoning {unknown}
 s - a scroll of noise {unknown}
 x - a scroll of fear {unknown}
 y - a scroll of immolation {unknown}
Potions
 f - a potion of lignification {unknown}
 g - a potion of mutation {unknown}
 i - a potion of haste {unknown}
 l - a potion of heal wounds {unknown}
 w - 2 potions of might {unknown}


   Skills:
 + Level 3.2 Fighting
 * Level 4.2 Long Blades
 - Level 0.8 Throwing
 - Level 0.8 Armour
 + Level 2.9 Dodging
 - Level 1.7 Spellcasting
 - Level 3.0 Translocations


You had 7 spell levels left.
You didn't know any spells.
Your spell library contained the following spells:

 Spells                   Type           Power      Damage    Failure   Level
 Apportation              Tloc           20%        N/A       9%          1
 Blink                    Tloc           20%        N/A       12%         2
 Lesser Beckoning         Tloc           20%        N/A       12%         2
 Teleport Other           Tloc           10%        N/A       24%         3
 Freeze                   Ice            4%         1d3       28%         1
 Jinxbite                 Hex            2%         N/A       38%         2
 Frozen Ramparts          Ice            2%         1d1       63%         3
 Hailstorm                Conj/Ice       1%         3d5       63%         3
 Manifold Assault         Tloc           10%        N/A       63%         4
 Vhi's Electric Charge    Tloc/Air       10%        N/A       83%         4
 Alistair's Intoxication  Alch           0%         N/A       100%        5


Dungeon Overview and Level Annotations

Branches:
Dungeon (3/15)

Altars:
Vehumet

Shops:
D:2 [


Innate Abilities, Weirdness & Mutations

You can wield a second weapon in your off-hand.
It takes a long time for you to wield or remove held weapons.
Your first few attacks do less damage.
You cannot equip rings or amulets.


Message History

The ball python seems to slow down.
You freeze the ball python.
You kill the ball python!
No target in view!
You see here a ball python corpse.
A goblin comes into view. It is wielding a +0 club.
The goblin shouts!
The goblin moves out of view.
You barely miss the goblin with the +5 hand axe of Giykov.
You miss the goblin with your +0 dagger of speed.
The goblin hits you with a +0 club.
You closely miss the goblin with the +5 hand axe of Giykov.
You barely miss the goblin with your +0 dagger of speed.
The goblin barely misses you.
You hit the goblin but do no damage.
You hit the goblin with the +5 hand axe of Giykov.
You freeze the goblin.
You kill the goblin!
No target in view!
As you open the door, it creaks loudly!
There is an open door here.
There is a fountain of clear blue water here.
You open the door.
There is an open door here.
An endoplasm comes into view.
An endoplasm is nearby!
You hit the endoplasm with the +5 hand axe of Giykov.
You freeze the endoplasm.
You kill the endoplasm!
No target in view!
y - a scroll labelled GAATEA XUUZA
There is a stone staircase leading up here.
You see here a +0 ring mail.
Found 9 stones.
Found a tiny filigree amulet.
Found a scroll labelled ENLOKHE TOIDUKH and a scroll labelled WEIWKU FALUEFF.
You are engulfed in blazing flames.
Ouch! That really hurt!
You are engulfed in blazing flames.
Ouch! That really hurt!
You die...

# #§ #§§
##...#############
..?"..☼○☼........#
..??..§@○..#####.#
§.....§§§.## #.#
##...###### #.#
#§§ #.# #§
#######.# #
#.......#
######..# ##[.#
#...#


There were no monsters in sight!

Vanquished Creatures
  An orc priest (D:2)
  A sleepcap (D:3)
  An orc wizard (D:1)
  3 adders
  3 dart slugs
  4 orcs
  6 bats
  4 endoplasms
  A giant cockroach (D:1)
  11 goblins
  9 hobgoblins
  A quokka (D:2)
  4 ball pythons
  2 frilled lizards
  A kobold (D:1)
  9 rats
  A spectral hobgoblin (D:1)
62 creatures vanquished.

Notes
Turn   | Place    | Note
-------+----------+-------------------------------------------
     0 | D:1      | adelrune the Coglin Warper began the quest for the Orb.
     0 | D:1      | Reached XP level 1. HP: 16/16 MP: 3/3
   218 | D:1      | Reached XP level 2. HP: 18/22 MP: 4/4
   412 | D:1      | Found a faded altar of an unknown god.
  1102 | D:2      | Reached XP level 3. HP: 27/28 MP: 5/5
  1140 | D:2      | Reached skill level 3 in Long Blades
  1451 | D:1      | Reached XP level 4. HP: 21/34 MP: 6/6
  1710 | D:2      | Found Fidanen's Antique Armour Shop.
  1915 | D:2      | Reached XP level 5. HP: 38/41 MP: 7/7
  2254 | D:3      | Reached skill level 4 in Long Blades
  2335 | D:3      | Identified the +5 hand axe of Giykov {freeze, rC+ Str+3
                  | Int+2 Dex+4}
  2368 | D:3      | Found a radiant altar of Vehumet.
  2574 | D:3      | Engulfed by a cloud of flame

Illustrated notes

Levels and vault maps discovered:
D:1:      eino_arrival_cavern_e, layout_loops_corners,
          dreamdust_ecumenical_altar_drowned_temple, minmay_misc_feat_ornament,
          hex_tiny, hangedman_abyss_or_decor_stabs, kennysheep_crisscross,
          minmay_tetromino_o2
D:2:      cheibrodos_greedy_goblins, layout_basic, serial_shops,
          nicolae_shop_advertising_works [nicolae_subvault_shop_adworks]
D:3:      layout_loops_ring, grunt_gozag_statues, vehumet_crystals,
          minmay_fountain_box, lemuel_flame_loot_1

Skill      XL: |  1  2  3  4  5 |
---------------+----------------+-----
Dodging        | 2 |  2.9
Long Blades    | 3 4 |  4.2
Fighting       | 3 |  3.2
Throwing       | |  0.8
Armour         | |  0.8
Spellcasting   | |  1.7
Translocations | |  3.0

Action                     |  1- 3 |  4- 6 || total
---------------------------+-------+-------++-------
  Melee: Falchion          |    82 |    16 ||    98
         Dagger            |    79 |    63 ||   142
         Long sword        |       |    45 ||    45
         Hand axe          |       |    11 ||    11
   Stab: Sleeping          |     1 |       ||     1
         Distracted        |       |     1 ||     1
 Armour: Leather armour    |    36 |    48 ||    84
  Dodge: Dodged            |    44 |    36 ||    80
         Repelled          |     1 |       ||     1

Table legend: (Time is in decaauts)
 A = Elapsed time spent in this place.
 B = Non-inter-level travel time spent in this place.
 C = Inter-level travel time spent in this place.
 D = Time resting spent in this place.
 E = Time spent auto-exploring this place.
 F = Levels seen in this place.
 G = Mean time per level.
                   A        B        C        D        E       F      G
               +--------+--------+--------+--------+--------+-----+--------+
         Total |   2567 |   2500 |     67 |    307 |   1577 |   3 |  855.7 |
       Dungeon |   2567 |   2500 |     67 |    307 |   1577 |   3 |  855.7 |
               +--------+--------+--------+--------+--------+-----+--------+

Top non-repeatable levels by time:
     D:1: 1281 daAuts
     D:2: 889 daAuts
     D:3: 396 daAuts
